 Dungeon Crawl Stone Soup version 0.29-a0-330-g52719c12eb (webtiles) character file.

Game seed: 13486689202589146325

28101 kae the Arsonist (level 13, -8/81 HPs)
             Began as a Tengu Fire Elementalist on Apr 14, 2022.
             Was a Priest of Ashenzari.
             Mangled by a two-headed ogre
             ... wielding a +0 giant spiked club
              (16 damage)
             ... on level 9 of the Dungeon.
             The game lasted 00:12:42 (13197 turns).

kae the Arsonist (Tengu Fire Elementalist)         Turns: 13197, Time: 00:12:42

Health: -8/81      AC:  3    Str:  8    XL:     13   Next: 36%
Magic:  15/27      EV: 21    Int: 24    God:    Ashenzari [***...]
Gold:   504        SH:  0    Dex: 16    Spells: 7/30 levels left

rFire   + + +      SeeInvis +   g - staff of fire (curse) {Elem, Bglg}
rCold   + . .      Faith    .   (no shield)
rNeg    . . .      Spirit   .   a - +1 robe "Cosmic Mistrust" {Range, Alch} (curse)
rPois   +          Reflect  .   (helmet restricted)
rElec   .          Harm     .   D - scarf "Circumscribed Doubts" {rC+ rF+, Evo, Comp} (curse)
rCorr   .          Rampage  .   (no gloves)
Will    +....      Clarity  +   (boots unavailable)
Stlth   ++........              C - amulet of Equivalence {RegenMP rPois}
HPRegen 0.23/turn               c - ring "Planets of the Ether" {rF+ rC+ Will+ Int+4, Melee, Cun} (curse)
MPRegen 0.60/turn               q - ring "Visionary Mistrust" {Fire, Self, Range} (curse)

@: flying quickly and evasively, quick
A: beak, talons 3, nimble flight
a: Renounce Religion, Shatter the Chains


You were on level 9 of the Dungeon.
You worshipped Ashenzari.
Ashenzari was most pleased with you.
You visited 2 branches of the dungeon, and saw 10 of its levels.
You also visited: Ossuary and Bailey.

You collected 504 gold pieces.

Inventory:

Hand Weapons
 e - a +0 whip
Armour
 a - the cursed +1 robe "Cosmic Mistrust" (worn) {Range, Alch}

   It has a curse which improves the following skills: Ranged Combat: Slings,
   Bows, Crossbows and Throwing.
   Alchemy:   Poison Magic and Transmutations.
 j - a scarf of harm
 D - the cursed scarf "Circumscribed Doubts" (worn) {rC+ rF+, Evo, Comp}
   (You found it on level 7 of the Dungeon)

   It has a curse which improves the following skills: Evocations: Evocations.
   Companions: Summonings and Necromancy.
 O - the +9 chain mail "Fots" {Fly rF- Will+ Dex+3}
   (You found it on level 8 of the Dungeon)

   Dex:       It affects your dexterity (+3).
   rF:        It makes you vulnerable to fire.
   Fly:       It grants you flight.
   Will:      It increases your willpower.
Magical Staves
 g - a cursed staff of fire (weapon) {Elem, Bglg}
Jewellery
 c - the cursed ring "Planets of the Ether" (left hand) {rF+ rC+ Will+ Int+4, Melee, Cun}
   (You found it on level 4 of the Dungeon)

   [ring of protection from fire]

   Int:       It affects your intelligence (+4).
   rF:        It protects you from fire.
   rC:        It protects you from cold.
   Will:      It increases your willpower.
   It has a curse which improves the following skills: Melee Combat: Short
   Blades, Long Blades, Axes, Maces & Flails, Polearms, Staves and Unarmed
   Combat.
   Cunning:   Dodging and Stealth.
 d - a ring of wizardry
 h - a +4 ring of protection
 q - the cursed ring "Visionary Mistrust" (right hand) {Fire, Self, Range}
   (You found it on level 2 of the Dungeon)

   [ring of fire]

   It enhances your fire magic.
   rF:        It protects you from fire.
   rC:        It makes you vulnerable to cold.
   It has a curse which improves the following skills: Introspection: Fighting
   and Spellcasting.
   Ranged Combat: Slings, Bows, Crossbows and Throwing.
 t - a +4 ring of protection
 w - a ring of resist corrosion
 C - the amulet of Equivalence (around neck) {RegenMP rPois}
   (You acquired it on level 6 of the Dungeon)

   [amulet of magic regeneration]

   It increases your rate of magic regeneration.
   rPois:     It protects you from poison.
 I - a ring of wizardry
Wands
 y - a wand of mindburst (22)
 E - a wand of flame (13)
 J - a wand of digging (13)
 L - a wand of paralysis (5)
Scrolls
 f - 4 scrolls of magic mapping
 l - 3 scrolls of torment
 o - 4 scrolls of vulnerability
 p - 2 scrolls of amnesia
 r - 6 scrolls of enchant weapon
 s - 3 scrolls of immolation
 v - 2 scrolls of fear
 F - a scroll of fog
 G - a scroll of summoning
 H - 2 scrolls of brand weapon
 K - 5 scrolls of teleportation
 P - a scroll of enchant armour
Potions
 b - 4 potions of magic
 i - 4 potions of might
 k - 4 potions of berserk rage
 m - 2 potions of ambrosia
 n - 4 potions of heal wounds
 u - 4 potions of mutation
 x - a potion of flight
 z - 3 potions of attraction
 A - 3 potions of haste
 B - 5 potions of curing
 M - 2 potions of brilliance
 N - a potion of lignification


   Skills:
 + Level 8.0(9.6) Fighting
 + Level 7.2(8.9) Staves
 - Level 4.1 Armour
 + Level 9.2(10.8) Dodging
 - Level 2.0(3.2) Stealth
 + Level 7.5(9.2) Spellcasting
 + Level 10.6(12.2) Conjurations
 * Level 13.0(14.5) Fire Magic
 + Level 6.5(8.1) Evocations


You had 7 spell levels left.
You knew the following spells:

 Your Spells              Type           Power      Damage    Failure   Level
a - Foxfire               Conj/Fire      100%       2x1d9     1%          1
b - Scorch                Fire           100%       2d10      1%          2
c - Conjure Flame         Conj/Fire      100%       6-21      1%          3
d - Inner Flame           Hex/Fire       81%        N/A       1%          3
e - Flame Wave            Conj/Fire      100%       2d17      1%          4
f - Sticky Flame          Conj/Fire      100%       2d11      1%          4
g - Mephitic Cloud        Conj/Pois/Air  31%        N/A       3%          3
h - Ignite Poison         Fire/Tmut/Pois 68%        N/A       2%          3

Your spell library contained the following spells:

 Spells                   Type           Power      Damage    Failure   Level
 Magic Dart               Conj           100%       1d8       1%          1
 Call Imp                 Summ           12%        N/A       8%          2
 Conjure Ball Lightning   Conj/Air       20%        3x3d6     56%         6
 Discord                  Hex            6%         N/A       100%        8
 Disjunction              Tloc           6%         N/A       100%        8


Dungeon Overview and Level Annotations

Branches:
Dungeon (9/15)             Temple (1/1) D:5            Lair (0/6) D:8
Ossuary (visited)          Bailey (visited)
    Orc: D:9-12

Altars:
Ashenzari
Cheibriados
Dithmenos
Elyvilon
Fedhas
Gozag
Hepliaklqana
Kikubaaqudgha
Makhleb
Nemelex Xobeh
Okawaru
Qazlal
Ru
Sif Muna
Trog
Uskayaw
Vehumet
Wu Jian
Xom
Yredelemnul
Zin
The Shining One
Beogh

Annotations:
D:4 Edmund


Innate Abilities, Weirdness & Mutations

You have a beak for a mouth.
You have claws for feet.
Your magical nature lets you fly swiftly and evasively.


Message History

You feel a strong surge of power!
You ignite the poison in your surroundings!
The two-headed ogre is engulfed in blazing flames.
Casting: Ignite Poison (mildly dangerous; 2% risk of failure)
Confirm with . or Enter, or press ? or * to list all spells.
Aiming: Mephitic Cloud (mildly dangerous; 3% risk of failure)
Press: ? - help, Shift-Dir - straight line, f/p - two-headed ogre
Aim: a two-headed ogre, wielding a +0 giant spiked club and a +0 giant club (severely wounded, chance to affect: 53%)
The ball explodes into a vile cloud!
The stinking cloud engulfs the two-headed ogre but does no damage.
The two-headed ogre is severely wounded.
The stinking cloud engulfs you but does no damage.
You hear a shout!
The two-headed ogre is engulfed in noxious fumes.
The two-headed ogre hits you with a +0 giant spiked club!!
The two-headed ogre closely misses you.
The two-headed ogre is engulfed in noxious fumes.
Casting: Mephitic Cloud (mildly dangerous; 3% risk of failure)
Confirm with . or Enter, or press ? or * to list all spells.
You feel a strong surge of power!
You ignite the poison in your surroundings!
The two-headed ogre closely misses you.
The two-headed ogre hits you with a +0 giant club!!
Casting: Ignite Poison (mildly dangerous; 2% risk of failure)
Confirm with . or Enter, or press ? or * to list all spells.
You feel a strong surge of power!
Flames lash the two-headed ogre.
The two-headed ogre is severely wounded.
The two-headed ogre's fire resistance burns away.
The two-headed ogre misses you.
The two-headed ogre hits you with a +0 giant club!!
* * * LOW HITPOINT WARNING * * *
The two-headed ogre is no longer more vulnerable to fire.
Casting: Scorch (safe; 1% risk of failure)
Confirm with . or Enter, or press ? or * to list all spells.
You feel a strong surge of power!
Flames lash the two-headed ogre.
The two-headed ogre is almost dead.
The two-headed ogre's fire resistance burns away.
The two-headed ogre completely misses you.
The two-headed ogre hits you with a +0 giant club!
You die...

#..#...).....## ,, * *
######........# , *
######...###..# ..#
#...###....#..##..#.,
##......[.............
###..#....###...........
#.#..##....#...........
######...............>....#*,
#......#^.......@O.......# *
#......###.....##.......##
..#......#.....###......# ##,
#........#....## ##....####..##
##..#..........# ##..........#.,
#......÷......### #............#
#...............####..###......#
#..#.÷.......##..###..# #[.....
#..†.#.#......>.###...# *..#...


You could see a two-headed ogre (combustible).

Vanquished Creatures
  An orc warlord (Bailey)
  The ghost of wakim the Archer, a novice DgAM (D:6)
  Maggie (D:9)
  A troll (D:8)
  Prince Ribbit (D:5)
  Sigmund (D:2)
  2 wraiths (Ossuary)
  3 yaks (D:9)
  Grum (D:8)
  Menkaure (D:4)
  A warg (D:7)
  A black bear (D:7)
  An ice beast (D:6)
  2 sky beasts
  7 orc warriors
  3 ogres
  7 wolves (D:8)
  2 centaurs
  3 phantoms
  4 kobold brigands
  Blork the orc (D:4)
  8 bullfrogs
  2 necrophages
  A gnoll sergeant (D:7)
  9 wights
  7 howler monkeys
  6 electric eels (D:8)
  2 jellies (D:5)
  7 hounds
  6 orc priests
  2 gnoll shamans
  Ijyb (D:5)
  An iguana (D:5)
  An orc wizard (D:7)
  A mummy (D:8)
  Robin (D:2)
  14 gnolls
  6 adders
  3 white imps
  An adder zombie (Ossuary)
  2 worms
  A dart slug (D:4)
  23 orcs
  4 bats
  3 endoplasms
  19 goblins
  13 hobgoblins
  2 jackals (D:5)
  A quokka (D:4)
  3 ball pythons
  2 ball python skeletons (Ossuary)
  5 frilled lizards
  2 hobgoblin skeletons (Ossuary)
  2 hobgoblin zombies (Ossuary)
  25 kobolds
  2 orc zombies (Ossuary)
  6 rats
239 creatures vanquished.

Vanquished Creatures (others)
  666 foxfires
666 creatures vanquished.

Grand Total: 905 creatures vanquished

Notes
Turn   | Place    | Note
-------+----------+-------------------------------------------
     0 | D:1      | kae the Tengu Fire Elementalist began the quest for the
                  | Orb.
     0 | D:1      | Reached XP level 1. HP: 10/10 MP: 4/4
   241 | D:1      | Reached XP level 2. HP: 15/15 MP: 4/6
   385 | D:1      | Found a faded altar of an unknown god.
  1144 | D:2      | Noticed Robin
  1167 | D:2      | Reached XP level 3. HP: 20/20 MP: 4/7
  1172 | D:2      | Killed Robin
  1173 | D:2      | Reached skill level 1 in Fighting
  1491 | D:2      | Found a sparkling altar of Nemelex Xobeh.
  1840 | D:2      | Identified the +0 pair of gloves of Distant Worlds {Str+4}
  1888 | D:2      | Reached skill level 4 in Fire Magic
  1894 | D:2      | Reached XP level 4. HP: 21/25 MP: 1/8
  1993 | D:2      | Noticed Sigmund
  2293 | D:2      | Killed Sigmund
  2294 | D:2      | Gained mutation: Your magical nature lets you fly swiftly
                  | and evasively. [Tengu growth]
  2294 | D:2      | Reached XP level 5. HP: 22/30 MP: 4/10
  2294 | D:2      | Reached XP level 6. HP: 26/35 MP: 4/11
  2747 | D:3      | Reached skill level 5 in Fire Magic
  3152 | D:3      | Learned a level 2 spell: Scorch
  3156 | D:3      | Learned a level 3 spell: Conjure Flame
  3160 | D:3      | Learned a level 3 spell: Inner Flame
  3520 | D:4      | Identified a scroll of acquirement
  3520 | D:4      | Acquired a staff of fire
  3529 | D:4      | Noticed Menkaure
  3532 | D:4      | Killed Menkaure
  3834 | D:4      | Reached XP level 7. HP: 18/40 MP: 2/12
  4196 | D:4      | Noticed Edmund
  4295 | D:4      | Noticed Blork the orc
  4315 | D:4      | Identified the ring of Terchusa {rF+ rC+ Will+ Int+4}
  4731 | D:4      | Killed Blork the orc
  5014 | D:5      | Entered Level 5 of the Dungeon
  5126 | D:5      | Reached skill level 6 in Fire Magic
  5462 | D:5      | Reached XP level 8. HP: 46/46 MP: 10/14
  5494 | D:5      | Found a staircase to the Ecumenical Temple.
  5529 | Temple   | Entered the Ecumenical Temple
  5765 | Temple   | Became a worshipper of Ashenzari the Shackled
  5925 | D:5      | Noticed Ijyb
  5940 | D:5      | Killed Ijyb
  5941 | D:5      | Reached skill level 5 in Conjurations
  6406 | D:5      | Noticed Prince Ribbit
  6417 | D:5      | Killed Prince Ribbit
  6418 | D:5      | Reached skill level 5 in Dodging
  6418 | D:5      | Reached skill level 7 in Fire Magic
  6555 | D:6      | Acquired the amulet of Equivalence {RegenMP rPois}
  6861 | D:6      | Reached * piety under Ashenzari
  6914 | D:6      | Reached XP level 9. HP: 52/52 MP: 16/16
  7650 | D:7      | Reached ** piety under Ashenzari
  7666 | D:6      | Reached skill level 8 in Fire Magic
  7737 | D:6      | Reached skill level 1 in Staves
  7737 | D:6      | Reached skill level 1 in Evocations
  8053 | D:7      | Found a flagged portal.
  8085 | Bailey   | Entered a bailey
  8090 | Bailey   | Noticed an orc warlord
  8492 | Bailey   | Found a runed translucent gate.
  8493 | Bailey   | Found a runed translucent gate.
  8494 | Bailey   | Found a runed translucent gate.
  9095 | Bailey   | Killed an orc warlord
  9096 | Bailey   | Reached skill level 5 in Fighting
  9096 | Bailey   | Reached skill level 5 in Spellcasting
  9096 | Bailey   | Reached skill level 9 in Fire Magic
  9096 | Bailey   | Reached XP level 10. HP: 59/59 MP: 16/18
  9209 | Bailey   | Reached skill level 10 in Fire Magic
  9209 | Bailey   | Reached XP level 11. HP: 65/65 MP: 18/21
  9210 | Bailey   | Reached skill level 5 in Staves
  9210 | Bailey   | Reached skill level 11 in Fire Magic
  9210 | Bailey   | Reached skill level 5 in Evocations
  9210 | Bailey   | Reached XP level 12. HP: 72/72 MP: 18/23
  9211 | Bailey   | Reached skill level 10 in Conjurations
  9211 | Bailey   | Reached skill level 12 in Fire Magic
  9211 | Bailey   | Reached XP level 13. HP: 76/76 MP: 19/24
  9814 | D:7      | Found a runed translucent gate.
  9815 | D:7      | Found a runed translucent gate.
  9815 | D:7      | Found a runed translucent gate.
  9815 | D:7      | Noticed wakim's ghost (novice DgAM)
  9959 | D:7      | Learned a level 4 spell: Flame Wave
  9964 | D:7      | Learned a level 4 spell: Sticky Flame
  9971 | D:7      | Learned a level 3 spell: Mephitic Cloud
  9975 | D:7      | Learned a level 3 spell: Ignite Poison
 10249 | D:6      | Killed wakim's ghost
 10574 | D:8      | Found a sand-covered staircase.
 10582 | Ossuary  | Entered an ossuary
 10728 | Ossuary  | Reached *** piety under Ashenzari
 11627 | D:8      | Noticed Grum
 11660 | D:8      | Killed Grum
 11909 | D:8      | Found a staircase to the Lair.
 11918 | D:8      | Identified the +5 trident of Iklofac {holy, rF- rN++ Str+3}
 11985 | D:8      | Identified the +9 chain mail "Fots" {Fly rF- Will+ Dex+3}
 12748 | D:9      | Noticed Maggie
 12761 | D:9      | Killed Maggie
 12887 | D:9      | Reached skill level 13 in Fire Magic
 13024 | D:9      | Found a stormy altar of Qazlal.
 13197 | D:9      | Mangled by a two-headed ogre

Illustrated notes

Levels and vault maps discovered:
D:1:      lightli_arrival_statue_moat, layout_rooms,
          ebering_ecumenical_altar_box
D:2:      layout_basic, basic_altar, minmay_surrounded, uniq_robin, uniq_sigmund
D:3:      layout_basic
D:4:      layout_basic, serial_corexii_hall, corexii_hall_statues_s,
          corexii_hall_statues_l, uniq_edmund, uniq_blork_the_orc, uniq_menkaure
D:5:      layout_cave_pods, minmay_temple_entry_arrows, uniq_ijyb,
          uniq_prince_ribbit1
D:6:      layout_basic
D:7:      layout_cave_pools, enter_bailey_2, biasface_ghost_orc_armoury,
          kennysheep_generic_room_9
D:8:      layout_loops_ring, erik_lair_island, gup_ossuary_entry_pyramid,
          water_maze_lemuel, uniq_grum
D:9:      layout_cave_pools, overflow_temple_1_default, uniq_maggie
Temple:   mainiacjoe_temple_archimedes_tessellation

Skill      XL: |  1  2  3  4  5  6  7  8  9 10 11 12 13 |
---------------+----------------------------------------+-----
Conjurations   | 2 3 4 6 7 8 9 10 | 10.6
Fighting       | 1 2 3 4 5 6 7 8 |  8.0
Fire Magic     | 4 5 6 7 9 10 11 12 13 | 13.0
Dodging        | 3 4 5 6 7 8 9 |  9.2
Spellcasting   | 3 4 5 6 7 |  7.5
Staves         | 2 4 5 6 7 |  7.2
Evocations     | 2 4 5 6 |  6.5
Armour         | 2 4 |  4.1
Stealth        | |  2.0

Action                   |  1- 3 |  4- 6 |  7- 9 | 10-12 | 13-15 || total
-------------------------+-------+-------+-------+-------+-------++-------
Melee: Unarmed           |     4 |       |       |       |       ||     4
       Kick              |     4 |       |       |       |     1 ||     5
       Whip              |    17 |       |       |       |       ||    17
       Peck              |     4 |       |     1 |       |     1 ||     6
       Staff             |       |       |     1 |       |    10 ||    11
       Punch             |       |       |       |       |     1 ||     1
 Cast: Foxfire           |    69 |    47 |   160 |       |   130 ||   406
       Scorch            |       |     7 |    63 |       |   100 ||   170
       Conjure Flame     |       |     1 |    11 |       |     2 ||    14
       Inner Flame       |       |       |     3 |       |       ||     3
       Mephitic Cloud    |       |       |       |       |    13 ||    13
       Ignite Poison     |       |       |       |       |    11 ||    11
Invok: Curse Item        |       |       |     3 |       |     2 ||     5
  Use: Scroll            |       |    10 |    11 |       |     1 ||    22
       Potion            |       |       |       |     3 |       ||     3
Armor: Robe              |     8 |     1 |     6 |       |     9 ||    24
Dodge: Dodged            |    16 |     5 |    83 |       |   117 ||   221

Table legend: (Time is in decaauts)
 A = Elapsed time spent in this place.
 B = Non-inter-level travel time spent in this place.
 C = Inter-level travel time spent in this place.
 D = Time resting spent in this place.
 E = Time spent auto-exploring this place.
 F = Levels seen in this place.
 G = Mean time per level.
                   A        B        C        D        E       F      G
               +--------+--------+--------+--------+--------+-----+--------+
         Total |  12679 |  12368 |    311 |   1765 |   8246 |  12 | 1056.6 |
       Dungeon |  10971 |  10694 |    277 |   1450 |   7509 |   9 | 1219.0 |
        Temple |    223 |    189 |     34 |      0 |    172 |   1 |  223.0 |
       Ossuary |    408 |    408 |      0 |     10 |    264 |   1 |  408.0 |
        Bailey |   1075 |   1075 |      0 |    304 |    299 |   1 | 1075.0 |
               +--------+--------+--------+--------+--------+-----+--------+

Top non-repeatable levels by time:
     D:4: 1726 daAuts
     D:6: 1701 daAuts
     D:8: 1494 daAuts
     D:2: 1387 daAuts
     D:7: 1232 daAuts
     D:5: 1119 daAuts
  Bailey: 1075 daAuts
     D:1: 1003 daAuts
     D:3: 885 daAuts
     D:9: 421 daAuts
 Ossuary: 408 daAuts
  Temple: 223 daAuts
